 Dungeon Crawl Stone Soup version 0.24-a0-203-gf0bc1e9 (webtiles) character file.

Game seed: 16924357332357280888

105 Ijustatesigmund the Ducker (level 4, -1/31 HPs)
             Began as an Octopode Fighter on Mar 26, 2019.
             Slain by an orc wizard
             ... wielding a +0 dagger
              (6 damage)
             ... on level 3 of the Dungeon.
             The game lasted 00:03:35 (2462 turns).

Ijustatesigmund the Ducker (Octopode Fighter)       Turns: 2462, Time: 00:03:37

Health: -1/31      AC:  1    Str: 20    XL:     4   Next: 83%
Magic:  4/4        EV: 14    Int: 10    God:
Gold:   152        SH:  9    Dex: 12    Spells: 3/3 levels left

rFire    . . .     SeeInvis .   a - +1 war axe
rCold    . . .     Gourm    .   b - +0 shield
rNeg     . . .     Faith    .   (helmet restricted)
rPois    .         Spirit   .   (no amulet)
rElec    .         Reflect  .   l - +2 ring of evasion
rCorr    .         Harm     .   (no ring)
MR       .....                  (no ring)
Stlth    ++........             (no ring)
HPRegen  0.10/turn              (no ring)
MPRegen  0.09/turn              (no ring)
                                (no ring)
                                (no ring)

@: mighty
A: almost no armour, stealthy swim, amphibious, 8 rings, constrict 8, camouflage
1, gelatinous body 1
a: no special abilities


You were on level 3 of the Dungeon.
You were not hungry.

You visited 1 branch of the dungeon, and saw 3 of its levels.

You collected 152 gold pieces.

Inventory:

Hand Weapons
 a - a +1 war axe (weapon)
Armour
 b - a +0 shield (worn)
Jewellery
 l - a +2 ring of evasion (left tentacle)
Scrolls
 n - a scroll of blinking
Potions
 c - 2 potions of might
 e - 2 potions of cancellation
 f - a potion of mutation {unknown}
 g - a potion of berserk rage {unknown}
 h - a potion of agility {unknown}
 i - a potion of resistance {unknown}
 j - 3 potions of curing {unknown}
 k - a potion of lignification {unknown}
 m - 2 potions of flight {unknown}
Comestibles
 d - 5 rations
 o - 2 chunks of flesh


   Skills:
 + Level 3.5 Fighting
 * Level 3.3 Axes
 + Level 3.6 Dodging
 + Level 3.5 Shields


You had 3 spell levels left.
You didn't know any spells.
Your spell library was empty.

Dungeon Overview and Level Annotations

Branches:
Dungeon (3/15)

Altars:
Elyvilon
Kikubaaqudgha
Uskayaw
Wu Jian


Innate Abilities, Weirdness & Mutations

You cannot wear most types of armour.
You are very stealthy in the water. (Stealth+)
You are amphibious.
You can wear up to eight rings at the same time.
You can use your tentacles to constrict eight enemies at once.
Your skin changes colour to match your surroundings (Stealth+).
Your rubbery body absorbs attacks. (AC +1, EV +1)


Message History

You kill the jackal!
A puff of flame appears from out of thin air!
The puff of flame misses you.
The jackal bites you but does no damage.
You closely miss the jackal. You grab the jackal. You squeeze the jackal.
You kill the jackal!
Something hits you.
You miss something. You squeeze something!
You hear some strange, mumbled words.
A puff of flame appears from out of thin air!
The puff of flame hits you. Something barely misses you.
You miss something. You block something's attack.
You miss something. Something hits you but does no damage.
You hear some strange, mumbled words.
A puff of flame appears from out of thin air!
The puff of flame hits you.
* * * LOW HITPOINT WARNING * * *
You hear some strange, mumbled words.
Something hits you.
You die...

*,****,* #.#*##,*****
*************#.#..,,,,,,*
*,,,,,,,*,,,,..#.#*,***,*
*,*****,*,***#.#.#*,* *,*
*,*****.*,**##...,,,* *,**
*,**,,,,.,,,,{{.,**** *,,**
*,**,**,#.***#)#** *,,,*
*>,,,,,,#.####@####
****,****
**,,,,*,#.$.......#
*,,,,,,,* *,,*,,,###.......#
*,**,**,* *,***,,* #.......#
#.##,**,* *,,*,,,*
#.......###...,**,* *,,,,*,*
#........##..#***,* *,,,,,,*
#........#*..##**,*
***,,****#.....)..#*...,,,,*
**,**>......##.##*#.#*****


There were no monsters in sight!

Vanquished Creatures
  Robin (D:2)
  2 adders (D:2)
  A worm (D:3)
  2 dart slugs
  2 leopard geckos
  2 orcs (D:3)
  A giant cockroach (D:3)
  14 goblins
  7 hobgoblins
  2 jackals (D:3)
  6 kobolds
  4 quokkas
  9 bats
  3 frilled lizards
  4 rats
60 creatures vanquished.

Notes
Turn   | Place    | Note
-------+----------+-------------------------------------------
     0 | D:1      | Ijustatesigmund the Octopode Fighter began the quest for
                  | the Orb.
     0 | D:1      | Reached XP level 1. HP: 16/16 MP: 1/1
   301 | D:1      | Reached XP level 2. HP: 11/21 MP: 2/2
  1284 | D:2      | Reached XP level 3. HP: 24/26 MP: 3/3
  1778 | D:2      | Found an ancient bone altar of Kikubaaqudgha.
  1778 | D:2      | Found an ornate altar of the Wu Jian Council.
  1779 | D:2      | Found a hide-covered altar of Uskayaw.
  1780 | D:2      | Found a white marble altar of Elyvilon.
  1935 | D:2      | Noticed Robin
  1942 | D:2      | Reached XP level 4. HP: 21/31 MP: 4/4
  1951 | D:2      | Killed Robin
  2462 | D:3      | Slain by an orc wizard

Levels and vault maps discovered:
D:1:      nzn_arrival_crosshair, layout_basic
D:2:      layout_basic, grunt_temple_overflow_open, minmay_tetromino_t4,
          uniq_robin
D:3:      layout_loops_cross, kennysheep_boxes

Skill      XL: |  1  2  3 |
---------------+----------+-----
Axes           | 3 |  3.3
Fighting       | |  3.5
Dodging        | |  3.6
Shields        | |  3.5

Action                   |  1- 3 |  4- 6 || total
-------------------------+-------+-------++-------
Melee: War axe           |    80 |    47 ||   127
       Constrict         |    21 |    15 ||    36
       Tentacles         |    13 |    10 ||    23
  Use: Scroll            |     1 |     4 ||     5
       Potion            |       |     1 ||     1
 Stab: Sleeping          |     3 |     3 ||     6
       Distracted        |       |     1 ||     1
  Eat: Chunk             |     3 |     2 ||     5
Armor: Skin              |     3 |     3 ||     6
Dodge: Dodged            |    43 |    15 ||    58
Block: Shield            |    45 |    25 ||    70

Table legend:
 A = Non-vault XP
 B = Vault XP
 C = Vault XP percentage of total XP
 D = Non-vault monster count
 E = Vault monster count
 F = Vault count percentage of total count
                 A         B        C        D         E       F
            +---------+---------+-------+---------+---------+-------
      Total |     106 |      45 |  29.8 |      43 |      17 |  28.3
            +---------+---------+-------+---------+---------+-------
        D:1 |      20 |       0 |   0.0 |      15 |       0 |   0.0
        D:2 |      49 |      45 |  47.9 |      12 |      17 |  58.6
        D:3 |      37 |       0 |   0.0 |      16 |       0 |   0.0
            +---------+---------+-------+---------+---------+-------
